 Dungeon Crawl Stone Soup version 0.15-a0-1230-gf41e293 (webtiles) character file.

128 E1999 the Cudgeler (level 5, -5/41 HPs)
             Began as a Human Abyssal Knight on June 3, 2014.
             Was a Priest of Lugonu.
             Slain by an orc warrior
             ... wielding a +0,+0 short sword
              (18 damage)
             ... on Level 2 of the Dungeon.
             The game lasted 00:05:56 (2213 turns).

E1999 the Cudgeler (Human Abyssal Knight)           Turns: 2213, Time: 00:05:56

HP  -5/41        AC  8     Str 13      XL: 5   Next: 33%
MP   6/6         EV 10     Int 12      God: Lugonu [***...]
Gold 93          SH  0     Dex 13      Spells:  1 memorised,  2 levels left

rFire  . . .     SeeInvis .     a - +1 mace
rCold  . . .     Clarity  .     h - +1 leather armour
rNeg   . . .     rCorr    .     (no shield)
rPois  .         rRot     .     w - +0 helmet
rElec  .         Spirit   .     (no cloak)
SustAb .         Warding  .     (no gloves)
rMut   .         Stasis   .     (no boots)
Gourm  +                        q - amulet of the gourmand
MR     .....                    (no ring)
                                e - +3 ring of protection

@: not resistant to hostile enchantments, very unstealthy
A: no striking features
a: Depart the Abyss, Bend Space, Banish, Renounce Religion


You were on level 2 of the Dungeon.
You worshipped Lugonu.
Lugonu was most pleased with you.
You were not hungry.

You visited 1 branch of the dungeon, and saw 3 of its levels.
You visited the Abyss 1 time.

You collected 93 gold pieces.

Inventory:

Hand weapons
 a - a +1,+1 mace (weapon)
 d - a cursed -1,-3 dagger
Armour
 h - a +1 leather armour (worn)
 u - a +0 plate armour
 w - a +0 helmet (worn)
Magical devices
 t - a wand of slowing (7)
Comestibles
 c - 2 bread rations
 k - a slice of pizza
 n - 2 beef jerkies
 o - a meat ration
Scrolls
 b - a scroll of teleportation {unknown}
 f - a scroll of remove curse {unknown}
 g - a scroll of random uselessness {unknown}
 i - 2 scrolls of enchant armour {unknown}
 j - 2 scrolls of recharging {unknown}
 l - 3 scrolls of fog {unknown}
 p - a scroll of fear {unknown}
 r - a scroll of identify {unknown}
Jewellery
 e - a +3 ring of protection (left hand)
 q - an amulet of the gourmand (around neck)
Potions
 m - 3 potions of curing {unknown}
 s - 2 potions of berserk rage {unknown}
 v - a potion of heal wounds {unknown}


   Skills:
 - Level 3.0 Fighting
 + Level 5.1 Maces & Flails
 - Level 2.0 Armour
 - Level 1.0 Dodging
 - Level 2.0 Invocations


You had 2 spell levels left.
You knew the following spells:

 Your Spells              Type           Power        Failure   Level  Hunger
b - Cure Poison           Pois           #.........   52%         2    ###....


Dungeon Overview and Level Annotations

Branches:
Dungeon (3/15)

Altars:


Message History

There is a stone staircase leading down here.
You climb downwards.
An orc warrior comes into view. It is wielding a short sword.
The orc warrior shouts!
You hear a shout!
You hear a shout!
Found 13 gold pieces. 2 orcs come into view.
There is a stone staircase leading up here.
The orc moves out of view.
The orc warrior hits you with a short sword!
You climb upwards.
There is a stone staircase leading down here.
Unknown command.
You hit the orc warrior but do no damage.
The orc warrior hits you with a short sword!
* * * LOW HITPOINT WARNING * * *
You hit the orc warrior.
The orc warrior is lightly wounded.
The orc warrior barely misses you.
The orc warrior hits you with a short sword!!
You die...

#.# #..###.###≈♣P≈≈≈≈≈≈≈≈≈
#.####..........≈≈≈P≈PP≈≈≈≈
#.......###.####.≈≈≈P≈≈P≈≈≈
#######.# #.# #..#♣♣♣P≈P≈≈
#.# #.# #.###P≈♣♣≈≈≈
#.###.####.##### ♣≈≈♣
#.##........# ###♣
#.##..####.## #...
#.##@.###### #.##
#[##>o...#########.#
#.###..............# #.#
####.#########.# #.# #.#
#.## #.# #.# #... #.# #.#
#### #.# #.# # #.# #.# #


You could see an orc warrior.

Vanquished Creatures
  Jessica (D:3)
  2 adders (D:2)
  A giant mite (D:2)
  3 worms (D:3)
  6 giant geckos
  An orc (D:3)
  10 bats
  3 giant cockroaches
  3 hobgoblins
  3 jackals (D:1)
  2 ball pythons
  4 giant newts
  6 goblins
  10 kobolds
  9 rats
64 creatures vanquished.

Notes
Turn   | Place    | Note
--------------------------------------------------------------
     0 | Abyss:1  | E1999, the Human Abyssal Knight, began the quest for the Orb.
     0 | Abyss:1  | Reached XP level 1. HP: 18/18 MP: 1/1
    13 | D:1      | Escaped the Abyss
   156 | D:1      | Reached XP level 2. HP: 20/24 MP: 2/2
   546 | D:1      | Reached XP level 3. HP: 20/29 MP: 3/3
   551 | D:1      | Acquired Lugonu's second power
  1021 | D:2      | Reached skill level 4 in Maces & Flails
  1021 | D:2      | Reached XP level 4. HP: 35/35 MP: 5/5
  1025 | D:2      | Learned a level 2 spell: Cure Poison
  1438 | D:3      | Acquired Lugonu's third power
  1663 | D:3      | Reached XP level 5. HP: 31/41 MP: 6/6
  1708 | D:3      | Noticed Jessica
  1722 | D:3      | Killed Jessica
  1722 | D:3      | Reached skill level 5 in Maces & Flails
  1871 | D:3      | Noticed an ice beast
  2207 | D:3      | Noticed an orc warrior
  2213 | D:2      | Slain by an orc warrior

Action                   |  1- 3 |  4- 6 || total
-------------------------+-------+-------++-------
Melee: Mace              |   112 |   118 ||   230
